 Dungeon Sprint DCSS version 0.30-a0-1075-gcd70e7a56d (webtiles) character file.

Game seed: 17343106538424719720

26 fozzywoppz the Trooper (level 2, -3/29 HPs)
             Began as a Minotaur Fighter on Apr 14, 2023.
             Was an Initiate of Jiyva.
             Slain by a river rat (8 damage)
             ... in the Dungeon (Sprint VII: "The Pits").
             The game lasted 00:00:47 (79 turns).

fozzywoppz the Trooper (Minotaur Fighter)             Turns: 79, Time: 00:00:48

Health: -3/29      AC:  7    Str: 20    XL:     2   Next: 89%
Magic:  1/1        EV:  9    Int:  5    God:    Jiyva [......]
Gold:   0          SH:  4    Dex:  9    Spells: 1/1 levels left

rFire   . . .      SeeInvis .    a - +0 war axe
rCold   . . .      Faith    .    c - +0 buckler
rNeg    . . .      Spirit   .    b - +0 scale mail
rPois   .          Reflect  .    (helmet restricted)
rElec   .          Rampage  .    (no cloak)
rCorr   .          NoTele   +    (no gloves)
Will    .....                    (no boots) Stlth
                                 (no amulet)
HPRegen 0.24/turn                (no ring)
MPRegen 0.07/turn                (no ring)

@: lethally poisoned (-3 -> -15)
A: horns 2, retaliatory headbutt
a: Renounce Religion


You were in the Dungeon.
You worshipped Jiyva.
Jiyva was noncommittal.
You visited 1 branch

Inventory:

Hand Weapons
 a - a +0 war axe (weapon)
Armour
 b - a +0 scale mail (worn)
 c - a +0 buckler (worn)
Scrolls
 j - a scroll of blinking
 l - 5 scrolls of amnesia
 m - a scroll of summoning
Potions
 d - a potion of might
 g - a potion of haste
 h - 4 potions of magic
 i - 3 potions of berserk rage
 k - 2 potions of invisibility


   Skills:
 + Level 5.0 Fighting
 + Level 4.2 Axes
 + Level 5.0 Armour
 + Level 5.0 Shields


You had one spell level left.
You didn't know any spells.
Your spell library was empty.

Dungeon Overview and Level Annotations

Branches:
Dungeon (1/1)

Altars:
Ashenzari
Cheibriados
Dithmenos
Elyvilon
Fedhas
Gozag
Hepliaklqana
Kikubaaqudgha
Makhleb
Nemelex Xobeh
Okawaru
Qazlal
Ru
Sif Muna
Trog
Uskayaw
Vehumet
Wu Jian
Xom
Yredelemnul
Zin
The Shining One
Jiyva
Lugonu


Innate Abilities, Weirdness & Mutations

You have a pair of horns on your head.
You reflexively headbutt those who attack you in melee.


Message History

You kill the orc!
You hit the river rat but do no damage. The river rat bites you!
The goblin barely misses you. The crimson imp hits you.
The river rat barely misses you. The goblin hits you but does no damage.
You are poisoned.
The crimson imp barely misses you.
Your Fighting skill increases to level 5!
Your Armour skill increases to level 5!
Your Shields skill increases to level 5!
You feel better. The goblin hits you but does no damage.
You are poisoned.
The river rat bites you but does no damage.
The crimson imp closely misses you. You furiously retaliate!
You headbutt the crimson imp.
You feel sick.
The goblin hits you with a +0 dagger of venom.
You are lethally poisoned!
There is an open door here.
Okay, then.
You feel very sick.
The crimson imp blinks!
You hit the goblin.
The goblin is moderately wounded.
* * * LOW HITPOINT WARNING * * *
You feel very sick. The goblin hits you but does no damage.
You are more poisoned.
You feel much better.
You feel very sick.
The goblin hits you with a +0 dagger of venom.
You are lethally poisoned!
You slash the goblin!
You kill the goblin!
You feel extremely sick.
You hit the river rat. You headbutt the river rat.
The river rat is heavily wounded.
* * * LOW HITPOINT WARNING * * *
You feel very sick. The river rat bites you!
You die...

#.?(.')))'.##......#..#
##########.##..........
#...........+..........
+#####'#####......#..#
#.....# #..........
#.....# ####'#####+
###)### #.......#
#.)...# #.......#
#...@.# #.......#
####r##+###...<...#
#...5....##.......#
#...)....##.......#
###########.......#
#########


You could see a crimson imp and a river rat.

Vanquished Creatures
  A gnoll (D)
  A river rat (D)
  2 orcs (D)
  An endoplasm (D)
  A goblin (D)
  A frilled lizard (D)
7 creatures vanquished.

Vanquished Creatures (others)
  Dissolution (D)
  2 azure jellies (D)
  A spriggan defender (D)
  A sun demon (D)
  A bog body (D)
  A necromancer (D)
  A tormentor (D)
  2 endoplasms (D)
10 creatures vanquished.

Grand Total: 17 creatures vanquished

Notes
Turn   | Place    | Note
-------+----------+-------------------------------------------
     0 | D        | fozzywoppz the Minotaur Fighter began the quest for the
                  | Orb.
     0 | D        | Reached XP level 1. HP: 19/19 MP: 0/0
    34 | D        | Found a glowing golden altar of the Shining One.
    34 | D        | Found a glowing silver altar of Zin.
    34 | D        | Found a basalt altar of Yredelemnul.
    34 | D        | Found a shimmering altar of Xom.
    34 | D        | Found an ornate altar of the Wu Jian Council.
    34 | D        | Found a bloodstained altar of Trog.
    34 | D        | Found a shimmering blue altar of Sif Muna.
    34 | D        | Found a sacrificial altar of Ru.
    34 | D        | Found a stormy altar of Qazlal.
    34 | D        | Found an iron altar of Okawaru.
    34 | D        | Found a sparkling altar of Nemelex Xobeh.
    34 | D        | Found a burning altar of Makhleb.
    34 | D        | Found a viscous altar of Jiyva.
    34 | D        | Found a hazy altar of Hepliaklqana.
    34 | D        | Found an opulent altar of Gozag.
    34 | D        | Found a blossoming altar of Fedhas.
    34 | D        | Found a white marble altar of Elyvilon.
    34 | D        | Found a shadowy altar of Dithmenos.
    34 | D        | Found a snail-covered altar of Cheibriados.
    35 | D        | Found a radiant altar of Vehumet.
    35 | D        | Found a corrupted altar of Lugonu.
    36 | D        | Found a hide-covered altar of Uskayaw.
    36 | D        | Found an ancient bone altar of Kikubaaqudgha.
    36 | D        | Found a broken altar of Ashenzari.
    42 | D        | Became a worshipper of Jiyva Jaygecen the Shapeless
    42 | D        | Killed a bog body
    43 | D        | Killed a tormentor
    45 | D        | Killed a spriggan defender
    47 | D        | Killed an azure jelly
    48 | D        | Killed an azure jelly
    49 | D        | Killed Dissolution
    52 | D        | Killed a necromancer
    59 | D        | Reached XP level 2. HP: 25/28 MP: 1/1
    69 | D        | Noticed a crimson imp
    73 | D        | Reached skill level 5 in Fighting
    73 | D        | Reached skill level 5 in Armour
    73 | D        | Reached skill level 5 in Shields
    78 | D        | Killed a sun demon
    79 | D        | Slain by a river rat

Illustrated notes

Levels and vault maps discovered:
D:        pitsprint [storerooms_1, entrance_room_1, metal_vault_4, armoury_2,
          mini_pit_1, grid_room_1, main_hall_1, silver_pit, the_coven_2,
          the_vestibule_1, steel_vault_3, golden_pit, hallway_of_sentries,
          crystal_vault_4, iron_vault_4, final_vault]

Skill      XL: |  1  2 |
---------------+-------+-----
Fighting       | 4 5 |  5.0
Axes           | 3 4 |  4.2
Armour         | 4 5 |  5.0
Shields        | 4 5 |  5.0

Action                     || total
---------------------------++-------
  Melee: War axe           ||    13
         Headbutt          ||     2
    Use: Potion            ||     2
 Armour: Scale mail        ||     8
  Dodge: Dodged            ||     9
  Block: Buckler           ||     1

Table legend: (Time is in decaauts)
 A = Elapsed time spent in this place.
 B = Non-inter-level travel time spent in this place.
 C = Inter-level travel time spent in this place.
 D = Time resting spent in this place.
 E = Time spent auto-exploring this place.
 F = Levels seen in this place.
 G = Mean time per level.
                   A        B        C        D        E       F      G
               +--------+--------+--------+--------+--------+-----+--------+
         Total |     83 |     83 |      0 |      0 |      0 |   1 |   83.0 |
       Dungeon |     83 |     83 |      0 |      0 |      0 |   1 |   83.0 |
               +--------+--------+--------+--------+--------+-----+--------+

Top non-repeatable levels by time:
       D: 83 daAuts
